 Dungeon Crawl Stone Soup version 0.18-a0-1027-g814d7dd (webtiles) character file.

296749 glosham the Cruncher (level 19, -5/160 HPs)
             Began as a Demigod Summoner on Jan 4, 2016.
             Slain by an orc knight
             ... wielding a +0 halberd
              (13 damage)
             ... on level 1 of the Vaults on Jan 8, 2016.
             The game lasted 15:22:44 (60455 turns).

glosham the Cruncher (Demigod Summoner)            Turns: 60455, Time: 15:22:44

Health: -5/160     AC: 26    Str: 11    XL:     19   Next: 31%
Magic:  10/41      EV: 30    Int: 51    God:
Gold:   589        SH:  0    Dex: 23    Spells: 10 memorised, 1 level left

rFire  . . .     SeeInvis +     a - +9 lajatang (elec)
rCold  . . .     Gourm    .     X - +5 robe of Decompression {rCorr Int+10 Dex-4}
rNeg   . . .     Faith    .     (shield currently unavailable)
rPois  .         Spirit   .     U - +2 helmet {Int+3}
rElec  .         Dismiss  .     Y - +2 cloak {MR+}
rCorr  +         Reflect  .     V - +2 pair of gloves {Dex+3}
SustAt +         Harm     .     W - +2 pair of boots {Fly}
MR     ++++.                    z - amulet of mana regeneration
Stlth  ++++......               B - ring "Muuxuh" {+Inv MR+ Int+7 Dex+3}
                                A - ring of see invisible

@: agile, stone skin, flying, very slightly contaminated, deflect missiles,
incredibly resistant to hostile enchantments, stealthy
A: high mp 1, magic resistance 1, sustain attributes
a: Evoke Invisibility, Stop Flying
}: 2/15 runes: serpentine, barnacled


You were on level 1 of the Vaults.
You were hungry.

You visited 7 branches of the dungeon, and saw 37 of its levels.
You visited 2 bazaars.

You collected 4367 gold pieces.
You spent 3778 gold pieces at shops.

Inventory:

Hand Weapons
 a - a +9 lajatang of electrocution (weapon)
Armour
 U - a +2 helmet of intelligence (worn)
 V - a +2 pair of gloves of dexterity (worn)
 W - a +2 pair of boots of flying (worn)
 X - the +5 robe of Decompression (worn) {rCorr Int+10 Dex-4}
   (You took it off a deep elf sorcerer on level 3 of the Elven Halls)

   It affects your intelligence (+10).
   It affects your dexterity (-4).
   It protects you from acid and corrosion.
 Y - a +2 cloak of magic resistance (worn)
Magical Staves
 b - an uncursed staff of air
 Z - an uncursed staff of wizardry {!a}
Jewellery
 z - an amulet of mana regeneration (around neck)
 A - a ring of see invisible (left hand)
 B - the ring "Muuxuh" (right hand) {+Inv MR+ Int+7 Dex+3}
   (You took it off a deep elf annihilator on level 3 of the Elven Halls)

   [ring of protection from magic]

   It affects your intelligence (+7).
   It affects your dexterity (+3).
   It affects your resistance to hostile enchantments.
   It lets you turn invisible.
 C - an uncursed ring of protection from cold
 D - an uncursed ring of protection from fire
 N - an uncursed ring of positive energy
 O - an uncursed ring of positive energy
 P - an uncursed ring of poison resistance
Wands
 g - a wand of teleportation (5/9)
 h - a wand of disintegration (5/24)
 i - a wand of fire (5/15)
 j - a wand of paralysis (12/24)
 H - a wand of draining (5/15)
Scrolls
 k - 5 scrolls of teleportation
 l - 6 scrolls of blinking
 m - 3 scrolls of fog
 n - 3 scrolls of fear
 o - 9 scrolls of remove curse
 p - 7 scrolls of identify
 q - 10 scrolls of recharging
 G - 7 scrolls of magic mapping
Potions
 e - 3 potions of lignification
 f - 3 potions of ambrosia
 r - 3 potions of heal wounds
 s - 10 potions of curing
 t - a potion of magic
 u - 5 potions of resistance
 v - 3 potions of haste
 w - 5 potions of agility
 x - 4 potions of might
 y - 3 potions of cancellation
 E - 2 potions of brilliance
 F - a potion of invisibility
Miscellaneous
 d - a fan of gales
Comestibles
 c - 12 bread rations


   Skills:
 - Level 12.0 Fighting
 - Level 14.0 Staves
 - Level 6.0 Armour
 - Level 12.1 Dodging
 - Level 3.7 Stealth
 - Level 12.6 Spellcasting
 - Level 5.0 Conjurations
 - Level 2.0 Hexes
 - Level 9.1 Charms
 - Level 6.0 Summonings
 - Level 4.4 Transmutations
 * Level 12.7 Air Magic
 - Level 10.2 Earth Magic
 - Level 9.2 Evocations


You had one spell level left.
You knew the following spells:

 Your Spells              Type           Power        Failure   Level  Hunger
d - Deflect Missiles      Chrm/Air       #######...   1%          6    None
e - Conjure Ball Lightni  Conj/Air       #######...   2%          6    None
g - Passage of Golubria   Tloc           N/A          8%          4    None
i - Airstrike             Air            ########..   1%          4    None
j - Aura of Abjuration    Summ           #######...   1%          5    None
s - Stoneskin             Trmt/Erth      #######.     1%          2    None
B - Summon Butterflies    Summ           #######.     1%          1    None
L - Silence               Hex/Air        #######...   1%          5    None
P - Passwall              Trmt/Erth      #######...   1%          3    None
S - Statue Form           Trmt/Erth      #######..    8%          6    None


Dungeon Overview and Level Annotations

Branches:
Dungeon (15/15)            Temple (0/1) D:7            Lair (8/8) D:10
 Shoals (4/4) Lair:6        Snake (4/4) Lair:5        Slime (0/6) Lair:8
    Orc (2/2) D:11            Elf (3/3) Orc:2        Vaults (1/5) D:13
 Depths (0/5) D:15

Shops:
D:5 [   D:9 }   D:14 ?[?   Orc:1 **[   Orc:2 ?=}}   Elf:2 (   Snake:2 [

Annotations:
D:10 exclusion: orange crystal statue
Vaults:1 Wiglaf


Innate Abilities, Weirdness & Mutations

You have an increased reservoir of magic (+10% MP).
Your attributes are resistant to harm.
You are resistant to hostile enchantments.


Message History

* * * LOW HITPOINT WARNING * * *
Wiglaf barely misses you.
Wiglaf hits you with a war axe of chopping!!
* * * LOW HITPOINT WARNING * * *
* * * LOW HITPOINT WARNING * * *
There is an open door here.
You enter the passage of Golubria.
There is a passage of Golubria here.
Drink which item? (? for menu, Esc to quit)
You feel agile all of a sudden. Wiglaf hits you but does no damage.
Drink which item? (? for menu, Esc to quit)
You feel much better. Wiglaf completely misses you.
Wiglaf hits you with a war axe of chopping!!
* * * LOW HITPOINT WARNING * * *
* * * LOW HITPOINT WARNING * * *
The vault sentinel blows a loud note on a signal horn!
Read which item? (? for menu, Esc to quit)
Blink to where?
Press: ? - help, Dir - move target cursor
As you read the scroll of blinking, it crumbles to dust.
An orc and an orc knight come into view.
Your skin feels tender.
The orc knight shouts!
The orc shouts!
A troll comes into view.
Casting: Passage of Golubria
Confirm with . or Enter, or press ? or * to list all spells.
Your stone body feels more resilient.
The orc knight completely misses you. x2
Drink which item? (? for menu, Esc to quit)
Okay, then.
You revert to your normal fleshy form.
Your +2 pair of gloves of dexterity unmelds from your body.
Your +2 pair of boots of flying unmelds from your body.
The +5 robe of Decompression {rCorr Int+10 Dex-4} unmelds from your body.
You feel agile.
You fly up into the air.
The vault guard barely misses you.
The orc knight roars a battlecry!
The orcs go into a battle-frenzy!
The orc knight hits you from afar with a halberd!
You die...

..................
...................
...................
...................
...................
..........o).......
..........#o########
..........#)).###..#
..........#..Tp@'..#
###+###...#..o#p####
#...##'##g'.#
#...##.'.##z##
#...####'#.W.#
#...#..'.'.∩.#
#.p.#..###zg^#
#...#### ##### #....


You could see Wiglaf, a vault guard, an orc knight, a skeletal warrior, a vault
sentinel, a freezing wraith, a troll, an orc warrior (frenzied) and an orc
(frenzied).

Vanquished Creatures
  Nikola (Shoals:1)
  2 deep elf blademasters (Elf:3)
  A kraken (Shoals:2)
  2 deep elf master archers (Elf:3)
  11 greater nagas
  Ilsuiw (Shoals:3)
  Roxanne (Elf:2)
  Donald (Shoals:2)
  4 deep elf sorcerers (Elf:3)
  5 deep elf elementalists (Elf:3)
  2 ironheart preservers
  4 deep elf demonologists (Elf:3)
  8 deep elf annihilators
  5 merfolk javelineers
  5 deep elf death magi (Elf:3)
  4 merfolk impalers
  2 deep elf high priests (Elf:3)
  15 naga warriors
  2 hydras
  10 anacondas
  2 centaur warriors
  2 catoblepae
  4 merfolk aquamancers
  An ogre mage (D:13)
  An alligator snapping turtle (Shoals:4)
  33 dancing weapons
  10 satyrs
  The ghost of tof the Blocker, a novice MiFi of Ru (D:10)
  20 death yaks
  12 naga sharpshooters
  6 shock serpents
  4 orc high priests (Orc:2)
  15 deep elf knights
  3 salamander mystics
  9 sea snakes
  3 unseen horrors
  9 naga ritualists
  9 hill giants
  4 ironbrand convokers (Vaults:1)
  6 orc knights
  12 deep elf archers
  13 ugly things
  A hornet (shapeshifter) (Elf:1)
  15 harpies
  25 fauns
  6 mana vipers
  A salamander (shapeshifter) (D:15)
  5 orc sorcerers
  9 manticores
  4 water nymphs
  13 griffons
  34 deep elf magi
  14 salamanders
  13 cyclopes
  12 elephants
  8 sirens
  27 naga magi
  5 guardian serpents
  7 spiny frogs
  33 black mambas
  A torpor snail (Lair:6)
  6 komodo dragons
  A kobold demonologist (D:13)
  An efreet (D:15)
  2 fire drakes
  A polar bear (shapeshifter) (Elf:1)
  5 two-headed ogres
  A jumping spider (shapeshifter) (D:15)
  A harpy zombie (D:15)
  14 merfolk
  2 polar bears
  A boulder beetle (Lair:8)
  3 slime creatures
  2 trolls
  30 blink frogs
  2 air elementals
  8 snapping turtles
  11 water elementals
  A spriggan (Lair:3)
  2 vampires
  3 wraiths
  2 wyverns
  67 yaks
  5 fire elementals
  2 hogs (Shoals:1)
  5 basilisks
  2 hungry ghosts
  A steam dragon (D:15)
  11 hippogriffs
  10 vampire mosquitoes
  15 wolves
  46 nagas
  A soldier ant (D:11)
  A hell hound (D:12)
  15 porcupines
  A hell hound (shapeshifter) (Elf:3)
  12 water moccasins
  3 phantoms
  3 sky beasts
  6 ice beasts
  A wasp (D:12)
  3 black bears
  23 orc warriors
  3 boggarts (D:15)
  2 eyes of draining
  8 ogres
  16 centaurs
  15 crocodiles
  2 big kobolds (D:9)
  18 giant frogs
  A wyvern skeleton (D:11)
  3 earth elementals
  3 scorpions
  35 killer bees
  12 wights
  2 crimson imps
  A giant frog zombie (D:9)
  8 centaur zombies
  A wasp zombie (D:14)
  A quasit (D:5)
  5 jellies
  3 gnoll shamans
  28 orc priests
  7 hounds
  8 iguanas
  5 centaur skeletons
  A giant frog skeleton (D:13)
  A hell rat (Lair:4)
  20 orc wizards
  7 worker ants
  2 yak simulacra (Lair:8)
  2 polar bear simulacra (Lair:8)
  3 wolf simulacra (Lair:8)
  47 sheep
  2 hound skeletons
  Robin (D:4)
  A worker ant zombie (D:9)
  21 adders
  19 gnolls
  69 river rats
  6 shadow imps
  An ooze (D:1)
  2 adder skeletons
  4 worms
  5 giant geckos
  87 orcs
  8 bats
  4 giant cockroaches
  13 goblins
  12 hobgoblins
  8 jackals
  17 kobolds
  7 quokkas
  3 giant newts
  2 quokka zombies
  20 rats
  3 river rat simulacra (Lair:8)
  2 fungi
  5 plants
  7 tentacles (Shoals:2)
1429 creatures vanquished.

Vanquished Creatures (collateral kills)
  Kirke (Shoals:1)
  Maud (Lair:8)
  Louise (Shoals:1)
  Azrael (D:12)
  A deep elf annihilator (Elf:3)
  A rakshasa (D:15)
  2 hydras
  3 catoblepae
  A centaur warrior (D:11)
  9 death yaks
  3 deep elf knights (Elf:2)
  A deep elf archer (Elf:2)
  3 harpies
  2 orc knights (Orc:2)
  A hill giant (D:11)
  A necromancer (Lair:8)
  3 oklob plants (Lair:4)
  3 ugly things
  A wolf spider (Lair:1)
  13 deep elf magi
  2 manticores
  3 elephants (Lair:6)
  2 sirens (Shoals:4)
  2 spiny frogs
  2 black mambas
  2 komodo dragons
  2 tengu conjurers (D:13)
  A queen bee (Lair:3)
  A troll (D:14)
  5 merfolk
  A slime creature (D:15)
  A wind drake (Shoals:1)
  A blink frog (Lair:2)
  A wraith (D:11)
  A fire elemental (D:12)
  5 yaks
  A hog (Shoals:1)
  A basilisk (Lair:7)
  A hippogriff (Shoals:1)
  A wolf (Lair:4)
  A water moccasin (Lair:6)
  2 hell hounds (D:12)
  2 orc warriors
  2 wasps
  A necrophage (D:12)
  An ogre (D:9)
  2 centaurs
  A big kobold (D:11)
  A crocodile (Lair:4)
  A giant frog (Lair:7)
  6 killer bees
  8 wights
  An orc priest (D:11)
  2 orc wizards
  2 giant frog skeletons
  2 iguanas
  Crazy Yiuf (D:2)
  4 hell rats (Lair:4)
  2 sheep
  7 adders
  17 orcs
  A hobgoblin (D:1)
  A jackal (D:9)
  A bat (D:2)
  A rat (D:1)
  A river rat simulacrum (Lair:8)
  2 fungi (Lair:8)
  A plant (Lair:8)
162 creatures vanquished.

Vanquished Creatures (others)
  A deep elf high priest (Elf:3)
  A merfolk impaler (Shoals:4)
  16 ball lightnings
  A water elemental (Shoals:2)
  A fire elemental (D:12)
  A gnoll (D:5)
  An orc (D:13)
  25 fungi
  18 plants
  14 tentacles (Shoals:2)
  892 tentacle segments (Shoals:2)
971 creatures vanquished.

Grand Total: 2562 creatures vanquished

Notes
Turn   | Place    | Note
--------------------------------------------------------------
     0 | D:1      | glosham the Demigod Summoner began the quest for the Orb.
     0 | D:1      | Reached XP level 1. HP: 14/14 MP: 5/5
   370 | D:1      | HP: 1/15 [hobgoblin/short sword (3)]
   377 | D:1      | HP: 1/15 [rat (1)]
   671 | D:1      | Reached skill level 1 in Fighting
  1008 | D:1      | Reached XP level 2. HP: 23/23 MP: 7/7
  1154 | D:1      | Reached skill level 2 in Fighting
  1253 | D:1      | Learned a level 2 spell: Call Imp
  1378 | D:2      | Found a glowing silver altar of Zin.
  1621 | D:2      | Reached XP level 3. HP: 30/30 MP: 8/8
  1735 | D:2      | Found a snail-covered altar of Cheibriados.
  2113 | D:2      | Noticed Crazy Yiuf
  2128 | D:2      | Killed Crazy Yiuf
  2128 | D:2      | Reached skill level 3 in Fighting
  2320 | D:2      | Reached skill level 1 in Staves
  2392 | D:3      | Reached XP level 4. HP: 38/38 MP: 9/9
  2399 | D:3      | Reached skill level 2 in Staves
  2613 | D:3      | Reached skill level 3 in Staves
  2613 | D:3      | Reached XP level 5. HP: 18/45 MP: 10/10
  3066 | D:2      | Learned a level 3 spell: Call Canine Familiar
  3527 | D:3      | Reached skill level 4 in Staves
  3730 | D:3      | Found a blossoming altar of Fedhas.
  3802 | D:3      | Found an opulent altar of Gozag.
  3820 | D:3      | Reached skill level 1 in Armour
  3820 | D:3      | Reached XP level 6. HP: 48/51 MP: 11/11
  4029 | D:4      | Reached skill level 2 in Dodging
  4092 | D:4      | Noticed Robin
  4222 | D:4      | Killed Robin
  4297 | D:4      | Reached skill level 5 in Staves
  4707 | D:5      | Entered Level 5 of the Dungeon
  4906 | D:5      | Found a stormy altar of Qazlal.
  4928 | D:5      | Reached XP level 7. HP: 45/57 MP: 12/12
  5219 | D:5      | Reached skill level 3 in Dodging
  5452 | D:5      | Found Nigumaf's Armour Emporium.
  5527 | D:6      | Reached skill level 6 in Staves
  5935 | D:6      | Reached skill level 7 in Staves
  6311 | D:6      | Reached XP level 8. HP: 63/63 MP: 13/13
  6329 | D:6      | Reached skill level 8 in Staves
  6600 | D:7      | Found a staircase to the Ecumenical Temple.
  6944 | D:7      | Reached skill level 4 in Fighting
  6972 | D:7      | Reached skill level 9 in Staves
  7035 | D:7      | HP: 2/66 [orc warrior/short sword of holy wrath (11)]
  7653 | D:7      | Reached skill level 10 in Staves
  7709 | D:7      | Reached XP level 9. HP: 41/71 MP: 14/14
  7928 | D:7      | Found a basalt altar of Yredelemnul.
  8269 | D:8      | Found a white marble altar of Elyvilon.
  8430 | D:8      | Reached skill level 1 in Evocations
  8477 | D:8      | Reached skill level 2 in Evocations
  8484 | D:8      | Found a shattered altar of Ashenzari.
  8646 | D:8      | Reached skill level 3 in Evocations
  8899 | D:8      | Found a radiant altar of Vehumet.
  9055 | D:8      | Reached skill level 11 in Staves
  9220 | D:9      | Found a deep blue altar of Sif Muna.
  9233 | D:10     | Entered Level 10 of the Dungeon
  9892 | D:9      | Reached skill level 4 in Dodging
 10545 | D:10     | Found a staircase to the Lair.
 10568 | D:10     | Noticed tof's ghost (novice MiFi)
 10604 | D:9      | Reached skill level 5 in Dodging
 10957 | D:9      | Reached XP level 10. HP: 46/78 MP: 15/15
 12177 | D:9      | Reached skill level 6 in Dodging
 12420 | D:9      | Found Hazutokk's Gadget Shop.
 12903 | D:9      | Reached skill level 7 in Dodging
 13274 | D:9      | Bought a wand of teleportation (5/9) for 297 gold pieces
 13307 | D:10     | Noticed a hill giant
 13321 | D:10     | Killed a hill giant
 13321 | D:10     | Reached skill level 2 in Spellcasting
 13321 | D:10     | Reached skill level 4 in Summonings
 13329 | D:10     | Got a brightly glowing ring mail
 13407 | D:10     | Noticed an orange crystal statue
 13408 | D:10     | Noticed a hill giant
 13408 | D:10     | Noticed a hill giant
 13449 | D:9      | Identified the +3 ring mail of True Grit {+Blink rPois Int+3} (You found it on level 10 of the Dungeon)
 13516 | D:8      | Learned a level 4 spell: Summon Lightning Spire
 13521 | D:8      | Learned a level 4 spell: Airstrike
 13707 | D:10     | Noticed a hill giant
 13727 | D:10     | Killed a hill giant
 13727 | D:10     | Reached skill level 2 in Air Magic
 13863 | D:10     | Killed tof's ghost
 13863 | D:10     | Reached skill level 3 in Air Magic
 14245 | D:10     | Got a pitted spear
 14251 | D:10     | Identified the +6 spear of Dominance {pierce, rC- Dex+5 Stlth+} (You found it on level 10 of the Dungeon)
 14381 | Lair:1   | Entered Level 1 of the Lair of Beasts
 15176 | Lair:1   | Noticed a wolf spider
 15177 | Lair:1   | Upgraded the game from 0.18-a0-993-g4a3b7c7 to 0.18-a0-998-gcb3fcb1
 15201 | Lair:1   | Killed a wolf spider
 15201 | Lair:1   | Reached skill level 3 in Spellcasting
 15201 | Lair:1   | Reached skill level 4 in Air Magic
 15912 | Lair:2   | Reached XP level 11. HP: 57/84 MP: 19/19
 16205 | Lair:2   | Reached skill level 5 in Air Magic
 16483 | Lair:2   | Reached skill level 5 in Summonings
 17063 | Lair:2   | Reached skill level 4 in Spellcasting
 17402 | D:11     | Noticed a centaur warrior
 17409 | D:11     | Noticed a hill giant
 17514 | D:11     | Found a flickering gateway to a bazaar.
 17532 | Bazaar   | Entered a bazaar
 17541 | Bazaar   | Found Sauc's Magic Scroll Shop.
 17541 | Bazaar   | Found Ifatudik's Jewellery Boutique.
 17563 | Bazaar   | Bought an uncursed ring of protection from fire for 300 gold pieces
 17565 | Bazaar   | Bought a scroll of recharging for 104 gold pieces
 17565 | Bazaar   | Bought a scroll of recharging for 104 gold pieces
 17565 | Bazaar   | Bought a scroll of recharging for 104 gold pieces
 17565 | Bazaar   | Bought a scroll of fog for 22 gold pieces
 17565 | Bazaar   | Bought a scroll of identify for 22 gold pieces
 17565 | Bazaar   | Bought a scroll of identify for 22 gold pieces
 17971 | D:11     | Killed a hill giant
 18009 | D:11     | Killed a centaur warrior
 18009 | D:11     | Reached skill level 12 in Staves
 18510 | D:11     | Found a staircase to the Orcish Mines.
 18993 | D:11     | Noticed an unseen horror
 19002 | D:11     | Killed an unseen horror
 19002 | D:11     | Reached skill level 13 in Staves
 19829 | Lair:3   | Reached XP level 12. HP: 91/91 MP: 22/22
 19864 | Lair:3   | Noticed a catoblepas
 19947 | Lair:3   | Killed a catoblepas
 21026 | Lair:3   | Reached skill level 14 in Staves
 21410 | Lair:3   | Reached skill level 5 in Fighting
 21654 | Lair:4   | Reached skill level 6 in Fighting
 21695 | Lair:4   | Noticed a catoblepas
 21713 | Lair:4   | Killed a catoblepas
 21862 | Lair:4   | Reached skill level 2 in Armour
 22230 | Lair:4   | Reached skill level 7 in Fighting
 22230 | Lair:4   | Reached skill level 3 in Armour
 22485 | Lair:4   | Gained mutation: You are resistant to hostile enchantments. [potion of beneficial mutation]
 22845 | Lair:4   | Reached skill level 4 in Armour
 23398 | Lair:5   | Reached skill level 8 in Fighting
 23599 | Lair:5   | Identified a scroll of acquirement
 23601 | Lair:5   | Identified a +2 rod of the swarm (11/11) (You acquired it on level 5 of the Lair of Beasts)
 23674 | Lair:5   | Reached skill level 2 in Stealth
 23674 | Lair:5   | Reached XP level 13. HP: 92/107 MP: 17/23
 23688 | Lair:5   | Reached skill level 8 in Dodging
 24403 | Lair:5   | Found a staircase to the Snake Pit.
 24449 | Lair:5   | Reached skill level 5 in Armour
 24736 | Lair:5   | Reached skill level 3 in Stealth
 24810 | Lair:6   | Reached skill level 9 in Fighting
 24933 | Lair:6   | Found a staircase to the Shoals.
 25064 | Lair:6   | Reached skill level 4 in Evocations
 25101 | Lair:6   | Reached skill level 9 in Dodging
 25436 | Lair:6   | Upgraded the game from 0.18-a0-998-gcb3fcb1 to 0.18-a0-1014-g3bbf375
 27206 | Lair:8   | Entered Level 8 of the Lair of Beasts
 27236 | Lair:7   | Reached skill level 10 in Fighting
 28024 | Lair:8   | Noticed Maud
 28048 | Lair:8   | Killed Maud
 28048 | Lair:8   | Reached skill level 5 in Evocations
 28277 | Lair:8   | Reached skill level 10 in Dodging
 28313 | Lair:8   | Found a staircase to the Slime Pits.
 28421 | Lair:8   | Reached XP level 14. HP: 89/122 MP: 24/24
 29527 | Lair:8   | Reached skill level 6 in Evocations
 29650 | Lair:8   | Reached skill level 11 in Fighting
 30751 | D:12     | Reached skill level 11 in Dodging
 30921 | D:12     | Reached skill level 7 in Evocations
 31872 | D:12     | Noticed Azrael
 31883 | D:12     | Killed Azrael
 32079 | D:13     | Found a gate to the Vaults.
 33279 | D:14     | You fall through a shaft!
 33279 | D:15     | Entered Level 15 of the Dungeon
 33302 | D:14     | Found Wumaph's Magic Scroll Shoppe.
 33307 | D:14     | Bought a scroll of identify for 36 gold pieces
 33307 | D:14     | Bought a scroll of identify for 36 gold pieces
 33307 | D:14     | Bought a scroll of enchant armour for 135 gold pieces
 33307 | D:14     | Bought a scroll of identify for 36 gold pieces
 33307 | D:14     | Bought a scroll of identify for 36 gold pieces
 33307 | D:14     | Bought a scroll of enchant weapon for 135 gold pieces
 33319 | D:14     | Found Mogiupul's Magic Scroll Shop.
 33355 | D:14     | Bought a scroll of brand weapon for 260 gold pieces
 33355 | D:14     | Bought a scroll of enchant weapon for 97 gold pieces
 33376 | D:14     | Found Xom Qarr's Armour Emporium.
 33456 | D:13     | Noticed an ironheart preserver
 33465 | D:13     | Killed an ironheart preserver
 33465 | D:13     | Reached skill level 8 in Evocations
 33819 | D:14     | Reached skill level 12 in Fighting
 34108 | D:14     | Reached XP level 15. HP: 132/132 MP: 25/25
 34112 | D:14     | Reached skill level 6 in Summonings
 34112 | D:14     | Reached skill level 6 in Air Magic
 34299 | D:15     | Found a snail-covered altar of Cheibriados.
 35269 | D:15     | Found a staircase to the Depths.
 35629 | Orc:1    | Entered Level 1 of the Orcish Mines
 35765 | Orc:1    | Found Ygingul's General Store.
 35767 | Orc:1    | Found Ublouv's Armour Shop.
 35950 | Orc:1    | Reached skill level 12 in Dodging
 36064 | Orc:1    | Found Riji's Assorted Antiques.
 36082 | Orc:1    | Bought a hardcover book for 360 gold pieces
 36082 | Orc:1    | Bought a wooden wand for 96 gold pieces
 36084 | Orc:1    | Learned a level 1 spell: Summon Butterflies
 36097 | Orc:2    | Entered Level 2 of the Orcish Mines
 36290 | Orc:2    | Reached skill level 5 in Spellcasting
 36415 | Orc:2    | Found a staircase to the Elven Halls.
 36898 | Orc:2    | Reached skill level 9 in Evocations
 37462 | Orc:2    | Reached skill level 6 in Armour
 37658 | Orc:2    | Found Eggin's Gadget Emporium.
 37658 | Orc:2    | Found Xammininuf's Magic Scroll Boutique.
 37660 | Orc:2    | Found Vitzimeh's Gadget Emporium.
 37660 | Orc:2    | Found Femewyfe's Jewellery Boutique.
 37671 | Orc:2    | Bought a scroll of enchant weapon for 127 gold pieces
 37675 | Orc:2    | Bought an uncursed ring of protection from cold for 425 gold pieces
 37678 | Orc:2    | Bought a scroll of enchant armour for 127 gold pieces
 37778 | D:10     | Learned a level 5 spell: Silence
 37838 | Elf:1    | Entered Level 1 of the Elven Halls
 38233 | Orc:2    | Reached skill level 1 in Hexes
 38338 | Elf:1    | Upgraded the game from 0.18-a0-1014-g3bbf375 to 0.18-a0-1024-gf1736fb
 38865 | Elf:1    | Reached skill level 6 in Spellcasting
 39646 | Elf:1    | Identified the Guide on Conjuration (You found it on level 1 of the Elven Halls)
 39667 | Elf:1    | Reached skill level 2 in Hexes
 39673 | Elf:1    | Reached skill level 7 in Air Magic
 39740 | Elf:2    | Found Wuyw's Weapon Shoppe.
 39813 | Elf:2    | Found a runed gate.
 39813 | Elf:2    | Found a runed gate.
 39813 | Elf:2    | Found a runed gate.
 40004 | Elf:2    | Reached skill level 7 in Spellcasting
 40515 | Elf:2    | Noticed Roxanne
 40559 | Elf:2    | Killed Roxanne
 40577 | Elf:2    | Learned a level 6 spell: Statue Form
 40736 | Elf:1    | Reached skill level 1 in Transmutations
 40821 | D:10     | Learned a level 6 spell: Deflect Missiles
 41144 | Elf:2    | Reached skill level 1 in Charms
 41210 | Elf:2    | Reached skill level 2 in Charms
 41666 | Elf:2    | Reached skill level 3 in Charms
 41746 | Elf:2    | Reached XP level 16. HP: 118/139 MP: 16/32
 41918 | Elf:2    | Reached skill level 4 in Charms
 42025 | Elf:2    | Reached skill level 5 in Charms
 42531 | Elf:2    | Reached skill level 6 in Charms
 42980 | Elf:2    | Reached skill level 7 in Charms
 43286 | Elf:3    | Entered Level 3 of the Elven Halls
 43329 | Elf:3    | Reached skill level 8 in Spellcasting
 43889 | Elf:3    | Identified a +1 rod of clouds (12/12) {!a} (You took it off a deep elf mage on level 3 of the Elven Halls)
 44416 | Elf:3    | Noticed a deep elf master archer
 44429 | Elf:3    | Killed a deep elf master archer
 44526 | Elf:3    | Reached skill level 8 in Charms
 44708 | Elf:3    | Reached skill level 8 in Air Magic
 44740 | Elf:3    | Noticed a deep elf master archer
 44741 | Elf:3    | Noticed a deep elf blademaster
 44752 | Elf:3    | Killed a deep elf master archer
 44854 | Elf:3    | Noticed a deep elf blademaster
 44865 | Elf:3    | Killed a deep elf blademaster
 44867 | Elf:3    | Got a fine ring mail
 44868 | Elf:3    | Identified the +3 ring mail "Tineudau" {rCorr Dex+7 Stlth-} (You took it off a deep elf blademaster on level 3 of the Elven Halls)
 44904 | Elf:3    | Reached skill level 9 in Spellcasting
 45011 | Elf:3    | Killed a deep elf blademaster
 45029 | Elf:3    | Upgraded the game from 0.18-a0-1024-gf1736fb to 0.18-a0-1027-g814d7dd
 45226 | Elf:3    | Reached skill level 9 in Charms
 45239 | Elf:3    | HP: 8/139 [deep elf high priest/burst of hellfire (26)]
 45239 | Elf:3    | Reached skill level 9 in Air Magic
 45269 | Elf:3    | Reached skill level 1 in Earth Magic
 45269 | Elf:3    | Reached XP level 17. HP: 42/146 MP: 33/35
 45655 | Elf:3    | Got a faintly humming scale mail
 45655 | Elf:3    | Got an ichor-stained robe
 45661 | Elf:3    | Identified the +6 scale mail "Puosifid" {rCorr Dex+2} (You took it off a deep elf blademaster on level 3 of the Elven Halls)
 45662 | Elf:3    | Identified the +5 robe of Decompression {rCorr Int+10 Dex-4} (You took it off a deep elf sorcerer on level 3 of the Elven Halls)
 45740 | Elf:3    | Got a flickering wooden ring
 45751 | Elf:3    | Identified the ring "Muuxuh" {+Inv MR+ Int+7 Dex+3} (You took it off a deep elf annihilator on level 3 of the Elven Halls)
 45779 | Elf:3    | Reached skill level 2 in Transmutations
 45834 | Elf:3    | Reached skill level 2 in Earth Magic
 45913 | Elf:3    | Got a silken robe
 45916 | Elf:3    | Identified the +1 robe "Kuzxa" {Dex+6} (You took it off a deep elf annihilator on level 3 of the Elven Halls)
 46107 | Elf:3    | Identified the Volume of Unstable Stones
 46111 | Elf:3    | Learned a level 2 spell: Stoneskin
 46130 | Elf:3    | Learned a level 3 spell: Passwall
 46165 | Elf:3    | Identified the Reference Book on Displacement (You found it on level 3 of the Elven Halls)
 46839 | D:10     | Learned a level 4 spell: Passage of Golubria
 47120 | Orc:2    | Bought an uncursed ring of positive energy for 340 gold pieces
 47373 | Shoals:1 | Entered Level 1 of the Shoals
 47383 | Shoals:1 | Reached skill level 3 in Transmutations
 47383 | Shoals:1 | Reached skill level 3 in Earth Magic
 47447 | Shoals:1 | Noticed Nikola
 47447 | Shoals:1 | Noticed Louise
 47526 | Shoals:1 | Found a flickering gateway to a bazaar.
 47585 | Shoals:1 | Killed Nikola
 47589 | Shoals:1 | Noticed Kirke
 47592 | Shoals:1 | Killed Louise
 47592 | Shoals:1 | Reached skill level 4 in Earth Magic
 47593 | Shoals:1 | Reached skill level 4 in Transmutations
 47598 | Shoals:1 | Killed Kirke
 47628 | Bazaar   | Entered a bazaar
 47634 | Bazaar   | Found Kichax's Assorted Antiques.
 47637 | Bazaar   | Found Moacsamo's Gadget Shop.
 47650 | Bazaar   | Found Mupeapna's Magic Scroll Shop.
 47659 | Bazaar   | Found Jasoggod's Weapon Emporium.
 47695 | Bazaar   | Bought a pair of embroidered boots for 58 gold pieces
 47695 | Bazaar   | Bought a curved bone wand for 52 gold pieces
 47705 | Bazaar   | Identified a +1 pair of boots of flying (You bought it in a shop in a bazaar)
 47725 | Bazaar   | Bought a scroll of immolation for 24 gold pieces
 47725 | Bazaar   | Bought a scroll of magic mapping for 24 gold pieces
 47725 | Bazaar   | Bought a scroll of identify for 14 gold pieces
 47725 | Bazaar   | Bought a scroll of identify for 14 gold pieces
 47725 | Bazaar   | Bought a scroll of enchant armour for 52 gold pieces
 47725 | Bazaar   | Bought a scroll of recharging for 66 gold pieces
 47747 | Bazaar   | Bought a scroll of enchant armour for 97 gold pieces
 47747 | Bazaar   | Bought a scroll of identify for 26 gold pieces
 47747 | Bazaar   | Bought a scroll of fog for 26 gold pieces
 47747 | Bazaar   | Bought a potion of heal wounds for 65 gold pieces
 47747 | Bazaar   | Bought a potion of curing for 39 gold pieces
 48501 | Shoals:2 | Reached skill level 5 in Earth Magic
 48723 | Shoals:2 | Reached skill level 6 in Earth Magic
 49547 | Shoals:2 | Reached skill level 7 in Earth Magic
 50065 | Shoals:2 | Reached skill level 8 in Earth Magic
 50152 | Shoals:2 | Noticed Donald
 50166 | Shoals:2 | Killed Donald
 51283 | Shoals:2 | Reached skill level 9 in Earth Magic
 52096 | Shoals:4 | Entered Level 4 of the Shoals
 52448 | Shoals:3 | Reached skill level 10 in Earth Magic
 52641 | Shoals:3 | Reached skill level 10 in Spellcasting
 52935 | Shoals:4 | Reached XP level 18. HP: 154/154 MP: 35/37
 53047 | Shoals:4 | Got a barnacled rune of Zot
 53472 | Shoals:4 | Noticed Ilsuiw
 53584 | Shoals:4 | Reached skill level 11 in Spellcasting
 53865 | Shoals:3 | Killed Ilsuiw
 54712 | Snake:1  | Entered Level 1 of the Snake Pit
 55425 | Snake:1  | Reached skill level 12 in Spellcasting
 55547 | Snake:1  | Learned a level 5 spell: Aura of Abjuration
 55929 | Snake:2  | Found Higoeklo's Armour Boutique.
 57275 | D:10     | Learned a level 6 spell: Conjure Ball Lightning
 57513 | Snake:3  | Got an ancient ring mail
 57514 | Snake:3  | Identified the cursed +1 ring mail "Dupic" {rElec Regen+ Str-4 Int+4} (You found it on level 3 of the Snake Pit)
 57642 | Snake:3  | Reached skill level 1 in Conjurations
 57786 | Snake:3  | Reached skill level 2 in Conjurations
 57864 | Snake:3  | Reached skill level 3 in Conjurations
 58012 | Snake:3  | Reached skill level 4 in Conjurations
 58611 | Snake:3  | Reached skill level 5 in Conjurations
 58629 | Snake:4  | Entered Level 4 of the Snake Pit
 58640 | Snake:4  | Reached skill level 10 in Air Magic
 58698 | Snake:4  | Got a translucent hand crossbow
 59016 | Snake:4  | Reached skill level 11 in Air Magic
 59016 | Snake:4  | Reached XP level 19. HP: 124/160 MP: 41/41
 59346 | Snake:4  | Reached skill level 12 in Air Magic
 59398 | Snake:4  | Got a serpentine rune of Zot
 60362 | Vaults:1 | Entered Level 1 of the Vaults
 60437 | Vaults:1 | Noticed Wiglaf
 60449 | Vaults:1 | HP: 19/208 [Wiglaf/war axe of chopping (18)]
 60455 | Vaults:1 | Slain by an orc knight

Vault maps used:
D:1:      minmay_arrival_doors
D:2:      cheibriados_altar_1, lemuel_doored_altar, minmay_misc_feat_chi,
          uniq_crazy_yiuf_cottage
D:3:      fedhas_altar_3, first_bread, nicolae_gozag_seed_capital
D:4:      grunt_ministairs_2, minmay_misc_feat_hallway, uniq_robin
D:5:      serial_shops, kennysheep_little_box, grunt_qazlal_clouds
D:7:      lemuel_coloured_pillars_altar, minmay_temple_entry_statues_fountains,
          grunt_ogre_cave
D:8:      vehumet_altar_wand_db, marbit_many_paths, lemuel_crystal_altar
D:9:      kennysheep_six_static_rooms, nicolae_overflow_hidden_temple,
          serial_shops, shop, serial_park_tiny_pond, minmay_misc_feat_rugged,
          minmay_crystal_water
D:10:     minmay_statue_hallways, minmay_lair_entry_grove, dk_rats_in_the_wall
D:11:     minmay_curly_fans, hiddenorc2_lemuel, serial_shops, bzr_entry_gold,
          lemuel_another_geyser
D:12:     kennysheep_opposing_triangles, uniq_azrael
D:13:     david_vaults_2
D:14:     minmay_misc_feat_cross, serial_shops, shop_fountains, shop_fountains,
          shop_scrolls
D:15:     gammafunk_enter_depths_forms, basic_altar
Lair:1:   minmay_lair_venomous_thicket
Lair:2:   minmay_hedge_maze, grunt_megastairs_5
Lair:3:   special_room, grunt_forest_large_clearing_hut
Lair:4:   minmay_lair_oklob_chamber, lemuel_fruit_tree, grunt_megastairs_2
Lair:5:   minmay_snake_entry_guardpost_small, grunt_megastairs_4
Lair:6:   shoals_dummy_entry, lemuel_fruit_fields
Lair:8:   evilmike_catoblepas_cave, dpeg_slime_entry_corner,
          eino_house_with_fridge, uniq_maud
Shoals:1: serial_shops, bzr_entry_water, uniq_nikola, uniq_louise, uniq_kirke
Shoals:2: st_cyclops, uniq_donald
Shoals:4: shoals_end_grunt_garden, shoal_ilsuiw
Snake:1:  grunt_megastairs_3
Snake:2:  serial_shops, shop, grunt_ministairs_1, nicolae_snake_double_loop,
          nrook_guardian_serpent_double
Snake:4:  snake_pit
Orc:1:    serial_shops, nicolae_shop_waterfront, nicolae_shop_trees,
          nicolae_shop_crystal
Orc:2:    grunt_orc_tribal_feast
Elf:1:    elf_arrival_002, minmay_elf_annihilation
Elf:2:    serial_shops, shop, spider_trap, uniq_roxanne
Elf:3:    grunt_elf_hall_asides
Vaults:1: v_misc_29, nicolae_vaults_know_your_exits, ontoclasm_vaults_spin,
          vaults_room_pool, nicolae_vaults_little_squares_6,
          ontoclasm_vaults_fault, v_misc_10, ontoclasm_vaults_eye, v_pattern_2,
          hangedman_vaults_trim, v_misc_25, serial_shops, shop, uniq_wiglaf
Bazaar:   bazaar_mystics, bazaar_kb_twisted_cavern

Action                   |  1- 3 |  4- 6 |  7- 9 | 10-12 | 13-15 | 16-18 | 19-21 || total
-------------------------+-------+-------+-------+-------+-------+-------+-------++-------
Melee: Unarmed           |    28 |       |       |       |       |       |       ||    28
       Short sword       |    11 |       |       |       |       |       |       ||    11
       Spear             |   128 |       |       |       |       |       |       ||   128
       Quarterstaff      |    14 |   233 |   431 |  1141 |  1089 |       |       ||  2908
       Lajatang          |       |       |       |       |   878 |  1646 |   187 ||  2711
Throw: Javelin           |       |     1 |    25 |       |       |       |       ||    26
 Cast: Summon Small Mamm |     1 |       |       |       |       |       |       ||     1
       Call Imp          |     6 |     3 |    18 |    13 |       |       |       ||    40
       Call Canine Famil |       |       |    18 |     9 |     1 |       |       ||    28
       Summon Lightning  |       |       |       |    59 |    84 |    35 |       ||   178
       Airstrike         |       |       |       |    45 |    61 |   121 |       ||   227
       Silence           |       |       |       |       |       |     9 |       ||     9
       Deflect Missiles  |       |       |       |       |       |    19 |     1 ||    20
       Stoneskin         |       |       |       |       |       |   165 |    22 ||   187
       Statue Form       |       |       |       |       |       |    79 |    10 ||    89
       Passwall          |       |       |       |       |       |     3 |       ||     3
       Conjure Ball Ligh |       |       |       |       |       |     2 |     5 ||     7
       Passage of Golubr |       |       |       |       |       |       |     1 ||     1
 Abil: Evoke Blink       |       |       |       |       |     2 |       |       ||     2
       End Transformatio |       |       |       |       |       |    67 |     2 ||    69
       Stop Flying       |       |       |       |       |       |     1 |       ||     1
       Evoke Flight      |       |       |       |       |       |     1 |       ||     1
Evoke: Wand              |       |       |     1 |     5 |     4 |    13 |       ||    23
  Use: Scroll            |     7 |     4 |     8 |    20 |    22 |    22 |     1 ||    84
       Potion            |       |       |     3 |     3 |     2 |     3 |     2 ||    13
 Stab: Sleeping          |     3 |     2 |     1 |     4 |     4 |     8 |     1 ||    23
       Confused          |     1 |     2 |     1 |       |       |       |       ||     4
       Distracted        |       |     1 |     3 |     9 |    24 |     3 |       ||    40
       Paralysed         |       |       |     1 |       |       |       |       ||     1
       Petrifying        |       |       |       |     1 |       |       |       ||     1
       Petrified         |       |       |       |       |     1 |       |       ||     1
  Eat: Chunk             |     5 |     8 |    21 |    46 |    55 |    23 |       ||   158
       Fruit             |       |       |     4 |     1 |     2 |     6 |       ||    13
       Bread ration      |       |       |       |     2 |     1 |       |     1 ||     4
       Beef jerky        |       |       |       |     1 |     6 |     7 |       ||    14
       Pizza             |       |       |       |       |     3 |     1 |       ||     4
       Meat ration       |       |       |       |       |     1 |       |       ||     1
       Royal jelly       |       |       |       |       |       |    11 |       ||    11

Table legend:
 A = Turns spent in this place as a percentage of turns spent in the entire game.
 B = Non-inter-level travel turns spent in this place as a percentage of non-inter-level travel turns spent in the entire game.
 C = Inter-level travel turns spent in this place as a percentage of turns spent in this place.
 D = Turns resting spent in this place as a percentage of non-inter-level travel turns spent in this place.
 E = Turns spent auto-exploring this place as a percentage of non-inter-level travel turns spent in this place.
 F = Non-inter-level travel turns spent in this place divided by the number of levels of this place that you've seen.
                   A       B       C       D       E      F
               +-------+-------+-------+-------+-------+----------------------
         Total | 100.0 | 100.0 |   0.8 |   2.7 |   0.5 | 783.7
       Dungeon |  34.9 |  34.9 |   1.0 |   2.3 |   0.5 | 710.2
          Lair |  24.4 |  24.4 |   0.7 |   2.4 |   0.6 | 931.8
        Shoals |  12.3 |  12.3 |   0.4 |   2.4 |   0.2 | 942.0
     Snake Pit |  10.5 |  10.6 |   0.6 |   1.6 |   1.2 | 807.0
  Orcish Mines |   4.6 |   4.6 |   0.5 |   3.6 |   0.4 | 705.5
   Elven Halls |  12.5 |  12.5 |   0.8 |   5.5 |   0.4 | 1270.7
        Vaults |   0.3 |   0.3 |   0.0 |   2.0 |   0.0 |  98.0
        Bazaar |   0.5 |   0.5 |   0.0 |   0.0 |   0.7 |  71.0
               +-------+-------+-------+-------+-------+----------------------

Table legend:
 A = Kills in this place as a percentage of kills in entire the game.
 B = Kills by you in this place as a percentage of kills by you in the entire game.
 C = Kills by friends in this place as a percentage of kills by friends in the entire game.
 D = Other kills in this place as a percentage of other kills in the entire game.
 E = Experience gained in this place as a percentage of experience gained in the entire game.
 F = Experience gained in this place divided by the number of levels of this place that you have seen.
                   A       B       C       D       E      F
               +-------+-------+-------+-------+-------+----------------------
         Total | 100.0 | 100.0 | 100.0 | 100.0 | 100.0 | 12419.8
       Dungeon |  35.9 |  35.2 |  42.8 |  25.0 |  12.0 | 3869.5
          Lair |  25.6 |  24.7 |  34.0 |   0.0 |  16.0 | 9681.4
        Shoals |  10.9 |  10.8 |  10.7 |  50.0 |  19.7 | 23835.8
     Snake Pit |  12.0 |  13.4 |   0.0 |   0.0 |  23.3 | 28155.8
  Orcish Mines |   5.2 |   5.7 |   1.3 |   0.0 |   3.1 | 7589.5
   Elven Halls |   9.8 |   9.6 |  11.3 |  25.0 |  24.8 | 40113.0
        Vaults |   0.6 |   0.6 |   0.0 |   0.0 |   1.1 | 5396.0
               +-------+-------+-------+-------+-------+----------------------

Vault maps used:
D:1:      minmay_arrival_doors
D:2:      cheibriados_altar_1, lemuel_doored_altar, minmay_misc_feat_chi,
          uniq_crazy_yiuf_cottage
D:3:      fedhas_altar_3, first_bread, nicolae_gozag_seed_capital
D:4:      grunt_ministairs_2, minmay_misc_feat_hallway, uniq_robin
D:5:      serial_shops, kennysheep_little_box, grunt_qazlal_clouds
D:7:      lemuel_coloured_pillars_altar, minmay_temple_entry_statues_fountains,
          grunt_ogre_cave
D:8:      vehumet_altar_wand_db, marbit_many_paths, lemuel_crystal_altar
D:9:      kennysheep_six_static_rooms, nicolae_overflow_hidden_temple,
          serial_shops, shop, serial_park_tiny_pond, minmay_misc_feat_rugged,
          minmay_crystal_water
D:10:     minmay_statue_hallways, minmay_lair_entry_grove, dk_rats_in_the_wall
D:11:     minmay_curly_fans, hiddenorc2_lemuel, serial_shops, bzr_entry_gold,
          lemuel_another_geyser
D:12:     kennysheep_opposing_triangles, uniq_azrael
D:13:     david_vaults_2
D:14:     minmay_misc_feat_cross, serial_shops, shop_fountains, shop_fountains,
          shop_scrolls
D:15:     gammafunk_enter_depths_forms, basic_altar
Lair:1:   minmay_lair_venomous_thicket
Lair:2:   minmay_hedge_maze, grunt_megastairs_5
Lair:3:   special_room, grunt_forest_large_clearing_hut
Lair:4:   minmay_lair_oklob_chamber, lemuel_fruit_tree, grunt_megastairs_2
Lair:5:   minmay_snake_entry_guardpost_small, grunt_megastairs_4
Lair:6:   shoals_dummy_entry, lemuel_fruit_fields
Lair:8:   evilmike_catoblepas_cave, dpeg_slime_entry_corner,
          eino_house_with_fridge, uniq_maud
Shoals:1: serial_shops, bzr_entry_water, uniq_nikola, uniq_louise, uniq_kirke
Shoals:2: st_cyclops, uniq_donald
Shoals:4: shoals_end_grunt_garden, shoal_ilsuiw
Snake:1:  grunt_megastairs_3
Snake:2:  serial_shops, shop, grunt_ministairs_1, nicolae_snake_double_loop,
          nrook_guardian_serpent_double
Snake:4:  snake_pit
Orc:1:    serial_shops, nicolae_shop_waterfront, nicolae_shop_trees,
          nicolae_shop_crystal
Orc:2:    grunt_orc_tribal_feast
Elf:1:    elf_arrival_002, minmay_elf_annihilation
Elf:2:    serial_shops, shop, spider_trap, uniq_roxanne
Elf:3:    grunt_elf_hall_asides
Vaults:1: v_misc_29, nicolae_vaults_know_your_exits, ontoclasm_vaults_spin,
          vaults_room_pool, nicolae_vaults_little_squares_6,
          ontoclasm_vaults_fault, v_misc_10, ontoclasm_vaults_eye, v_pattern_2,
          hangedman_vaults_trim, v_misc_25, serial_shops, shop, uniq_wiglaf
Bazaar:   bazaar_mystics, bazaar_kb_twisted_cavern
